 Dungeon Sprint DCSS version 0.29.1-12-g30fa7ad0bf (webtiles) character file.

Game seed: 6879975225943425919

1335 Groucho the Unseen (level 8, -11/36 HPs)
             Began as a Spriggan Enchanter on Jan 4, 2023.
             Was an Initiate of Dithmenos.
             Shot with an arrow by a deep elf master archer (33 damage)
             ... in the Dungeon (Sprint II: "The Violet Keep of Menkaure").
             The game lasted 00:05:08 (612 turns).

Groucho the Unseen (Spriggan Enchanter)              Turns: 612, Time: 00:05:09

Health: -11/36     AC:  4    Str:  6    XL:     8   Next: 35%
Magic:  24/24      EV: 18    Int: 16    God:    Dithmenos [......]
Gold:   141        SH:  0    Dex: 16    Spells: 12/29 levels left

rFire   . . .      SeeInvis +   a - +1 dagger
rCold   . . .      Faith    .   (no shield)
rNeg    . . .      Spirit   .   h - +2 robe "Lofa" {SInv}
rPois   .          Reflect  .   (helmet restricted)
rElec   .          Harm     .   j - scarf {+Inv}
rCorr   .          Rampage  .   (gloves unavailable)
Will    +....      NoTele   +   (boots unavailable)
Stlth   ++++++....              (no amulet)
HPRegen 0.12/turn               (no ring)
MPRegen 0.19/turn               (no ring)

@: flying (expiring), invisible (expiring), very quick
A: very small, no large weapons, unfitting armour, see invisible, speed 3
a: Renounce Religion, Evoke Invisibility


You were in the Dungeon.
You worshipped Dithmenos.
Dithmenos was noncommittal.
You visited 1 branch You collected 972 gold pieces.
You spent 831 gold pieces at shops.

Inventory:

Hand Weapons
 a - a +1 dagger (weapon)
Armour
 b - a +0 robe
 h - the +2 robe "Lofa" (worn) {SInv}
   (You bought it in a shop in the Dungeon)

   SInv:      It lets you see invisible.
 j - a scarf of invisibility (worn)
Scrolls
 i - a scroll of blinking
Potions
 e - a potion of heal wounds
 g - 2 potions of magic


   Skills:
 + Level 9.9 Short Blades
 + Level 4.2 Dodging
 - Level 16.0 Stealth
 + Level 11.1 Spellcasting
 + Level 11.1 Hexes
 * Level 0.0 Transmutations
 * Level 0.0 Earth Magic
 + Level 0.0 Evocations


You had 12 spell levels left.
You knew the following spells:

 Your Spells              Type           Power      Damage    Failure   Level
a - Ensorcelled Hibernat  Hex/Ice        52%        N/A       1%          2
b - Confusing Touch       Hex            44%        N/A       1%          3
c - Dazzling Flash        Conj/Hex       52%        N/A       2%          3
d - Tukima's Dance        Hex            44%        N/A       1%          3
e - Statue Form           Tmut/Erth      5%         N/A       100%        6

Your spell library contained the following spells:

 Spells                   Type           Power      Damage    Failure   Level
 Sandblast                Erth           16%        2d6       9%          1
 Conjure Ball Lightning   Conj/Air       4%         3x3d6     100%        6
 Spellforged Servitor     Conj/Summ      4%         N/A       100%        7


Dungeon Overview and Level Annotations

Branches:
Dungeon (1/1)

Altars:
Cheibriados
Dithmenos
Elyvilon
Fedhas
Gozag
Hepliaklqana
Kikubaaqudgha
Makhleb
Nemelex Xobeh
Okawaru
Qazlal
Ru
Sif Muna
Trog
Uskayaw
Vehumet
Wu Jian
Xom
Yredelemnul
Zin
The Shining One
Jiyva
Lugonu

Shops:
D (::?!=![=([![[!

Annotations:
D exclusion: oklob plant


Innate Abilities, Weirdness & Mutations

You are very small and have problems with some larger weapons.
You are too small for most types of armour.
You have supernaturally acute eyesight. (SInv)
You cover ground extremely quickly. (Speed+++)


Message History

[Y]es or [N]o only, please.
Really fly into a travel-excluded area?
Really fly into that net trap?
You avoid being caught in a net.
There is a net trap here.
A deep elf master archer comes into view.
You flicker for a moment.
The deep elf master archer misses you.
You hit the deep elf master archer.
The deep elf master archer is lightly wounded.
You hit the deep elf master archer.
The deep elf master archer is lightly wounded.
The deep elf master archer closely misses you.
You strike the helpless deep elf master archer from behind!
You perforate the deep elf master archer like a sieve!!!
The deep elf master archer is heavily wounded.
You hit the deep elf master archer.
The deep elf master archer is severely wounded.
Careful!
You are starting to lose your buoyancy.
The deep elf master archer wields a +0 longbow.
The deep elf master archer shoots an arrow.
The arrow completely misses you.
You miss the deep elf master archer.
The deep elf master archer is heavily wounded.
The deep elf master archer shoots an arrow.
The arrow barely misses you.
You barely miss the deep elf master archer.
The deep elf master archer is heavily wounded.
The deep elf master archer shoots an arrow.
The arrow hits you!!
Ouch! That really hurt!
Unknown command.
Unknown command.
You feel better.
The deep elf master archer shoots an arrow.
The arrow barely misses you.
The deep elf master archer shoots an arrow.
The arrow hits you!!
Ouch! That really hurt!
You die...

##++## ## ##§§..###
~## #e@§..^.#
###~~#+++#
####....# ##~~~....
.. +^...# ∩#~~~~.#
.. ####^# .#~~~~##
###.#### +.###
∩#~~~~#.##..# ...#
#.^.#
.#~~####...####..##
##..# c# [(?
.#~##.###'###.##..#
+..# y#▓?$=?
.#÷#...##.##.#.#..#
#..# h#▓?[[$


You could see a deep elf master archer (unable to see you).

Vanquished Creatures
  A merfolk siren (D)
  2 wyverns (D)
  4 neqoxecs (D)
  2 water moccasins (D)
  3 worms (D)
12 creatures vanquished.

Vanquished Creatures (others)
  Menkaure (D)
1 creature vanquished.

Grand Total: 13 creatures vanquished

Notes
Turn   | Place    | Note
-------+----------+-------------------------------------------
     0 | D        | Groucho the Spriggan Enchanter began the quest for the Orb.
     0 | D        | Reached XP level 1. HP: 9/9 MP: 5/5
     3 | D        | Noticed a neqoxec
     3 | D        | Noticed a neqoxec
     3 | D        | Noticed a neqoxec
     3 | D        | Noticed a neqoxec
     9 | D        | Killed a neqoxec
    10 | D        | Reached skill level 10 in Stealth
    10 | D        | Reached skill level 5 in Spellcasting
    10 | D        | Reached XP level 2. HP: 13/13 MP: 5/9
    10 | D        | Reached XP level 3. HP: 16/16 MP: 6/11
    10 | D        | Reached XP level 4. HP: 21/21 MP: 6/12
    13 | D        | Killed a neqoxec
    14 | D        | Reached skill level 12 in Stealth
    14 | D        | Reached XP level 5. HP: 24/24 MP: 6/15
    16 | D        | Killed a neqoxec
    17 | D        | Reached skill level 14 in Stealth
    17 | D        | Reached XP level 6. HP: 28/28 MP: 6/18
    23 | D        | Killed a neqoxec
    24 | D        | Reached skill level 15 in Stealth
    24 | D        | Reached XP level 7. HP: 21/32 MP: 7/20
    28 | D        | Noticed a wyvern
    28 | D        | Noticed a wyvern
    31 | D        | Killed a wyvern
    34 | D        | Killed a wyvern
    35 | D        | Reached skill level 16 in Stealth
    38 | D        | Noticed a merfolk siren
    41 | D        | Killed a merfolk siren
    42 | D        | Reached skill level 10 in Spellcasting
    42 | D        | Reached skill level 10 in Hexes
    42 | D        | Reached XP level 8. HP: 25/36 MP: 9/23
    44 | D        | Killed Menkaure
    80 | D        | Learned a level 2 spell: Ensorcelled Hibernation
    84 | D        | Learned a level 3 spell: Confusing Touch
    88 | D        | Learned a level 3 spell: Dazzling Flash
    93 | D        | Learned a level 3 spell: Tukima's Dance
    96 | D        | Found Zigaod's Jewellery Emporium.
    96 | D        | Found Omocig's Antique Armour Emporium.
    96 | D        | Found Saodufew's Antique Armour Shoppe.
    96 | D        | Found Kyal's Armour Emporium.
    96 | D        | Found Qeuppi's Distillery.
    96 | D        | Found Kuones's Weapon Shoppe.
    96 | D        | Found Ufama's Distillery.
    96 | D        | Found Juocvysch's Antique Armour Shoppe.
   129 | D        | Found Rekkufud's Distillery.
   129 | D        | Found Kileal's Jewellery Emporium.
   129 | D        | Noticed a manticore
   129 | D        | Noticed a manticore
   167 | D        | Found Gennen's Distillery.
   167 | D        | Found Uqull's Magic Scroll Shoppe.
   167 | D        | Noticed a manticore
   167 | D        | Noticed an oklob plant
   446 | D        | Found Rikyiff's Book Shoppe.
   446 | D        | Found Xapnanimoy's Book Shoppe.
   446 | D        | Found Vuihuedgh's Antique Weapon Emporium.
   457 | D        | Bought the Dissertation on Violent Bedrock for 480 gold
                  | pieces
   485 | D        | Bought a potion of flight for 33 gold pieces
   516 | D        | Learned a level 6 spell: Statue Form
   526 | D        | Bought a ripped robe for 142 gold pieces
   526 | D        | Identified the +2 robe "Lofa" {SInv} (You bought it in a
                  | shop in the Dungeon)
   540 | D        | Bought a runed scarf for 176 gold pieces
   568 | D        | Found an iron altar of Okawaru.
   568 | D        | Found a radiant altar of Vehumet.
   569 | D        | Found a sparkling altar of Nemelex Xobeh.
   569 | D        | Found a hide-covered altar of Uskayaw.
   569 | D        | Found a glowing silver altar of Zin.
   570 | D        | Found an opulent altar of Gozag.
   570 | D        | Found a burning altar of Makhleb.
   570 | D        | Found a bloodstained altar of Trog.
   571 | D        | Found a blossoming altar of Fedhas.
   571 | D        | Found a corrupted altar of Lugonu.
   571 | D        | Found a basalt altar of Yredelemnul.
   571 | D        | Found a shimmering blue altar of Sif Muna.
   572 | D        | Found a white marble altar of Elyvilon.
   572 | D        | Found an ancient bone altar of Kikubaaqudgha.
   575 | D        | Found a shadowy altar of Dithmenos.
   575 | D        | Found a viscous altar of Jiyva.
   576 | D        | Found a snail-covered altar of Cheibriados.
   578 | D        | Found a shimmering altar of Xom.
   578 | D        | Found a sacrificial altar of Ru.
   578 | D        | Found a hazy altar of Hepliaklqana.
   578 | D        | Noticed a hornet
   578 | D        | Noticed a polar bear
   579 | D        | Found a glowing golden altar of the Shining One.
   579 | D        | Found an ornate altar of the Wu Jian Council.
   579 | D        | Found a stormy altar of Qazlal.
   579 | D        | Noticed a yaktaur
   586 | D        | Became a worshipper of Dithmenos the Shadowed
   601 | D        | Noticed a deep elf master archer
   612 | D        | Shot with an arrow by a deep elf master archer

Illustrated notes

Levels and vault maps discovered:
D:        the_violet_keep_of_menkaure [sprint2_stairs_cluster_1,
          sprint2_shoproom, sprint2_temple, sprint2_basic_supplies,
          sprint2_obstacle_6, sprint2_obstacle_3, sprint2_obstacle_4,
          sprint2_obstacle_1, sprint2_obstacle_5, sprint2_timed_cluster_1,
          sprint2_smallroom_cluster_1, sprint2_smallroom_final_cluster_1,
          sprint2_transparent_cluster_1, sprint2_second_timed_cluster_1,
          sprint2_sniper_area_1, sprint2_heavy_combat_area_1,
          sprint2_mutation_trap_area_1, sprint2_forest_area_1,
          sprint2_light_combat_area_1, sprint2_behind_water_1,
          sprint2_near_end_vault_1]

Skill      XL: |  1  2  3  4  5  6  7  8 |
---------------+-------------------------+-----
Short Blades   | 4 6 7 9 |  9.9
Stealth        | 10 12 14 15 16 | 16.0
Spellcasting   | 5 7 8 10 11 | 11.1
Hexes          | 6 7 8 10 11 | 11.1
Dodging        | 4 |  4.2

Action                   |  1- 3 |  4- 6 |  7- 9 || total
-------------------------+-------+-------+-------++-------
Melee: Dagger            |     4 |    13 |    14 ||    31
 Cast: Ensorcelled Hiber |       |       |     5 ||     5
  Use: Potion            |     3 |       |     3 ||     6
 Stab: Invisible         |       |     3 |     2 ||     5
       Sleeping          |       |       |     7 ||     7
Armor: Robe              |     1 |     1 |       ||     2
Dodge: Dodged            |     6 |     4 |     9 ||    19
